Map: [TLMC19] Silverflame

Players

LiquidClem (Clem)

  • Race: Terran Terran
  • League: Grandmaster
  • Spawn Location: 5:00

Spirit (souL) - Winner!

  • Race: Terran Terran
  • League: Master
  • Spawn Location: 11:00

VOD

Have the link to the VOD?

Description

Time

  • Played on: Dec. 21, 2023, 12:04 p.m.
  • Length: 16:56
Show
View Real Time Build Order
Export as new Build Order

LiquidClem Terran 

Build Orders: Command Center First, Cyclone Opening 

Get SALT Encoding   

  12  0:00  SCV  
  13  0:12  SCV  
  14  0:17  Supply Depot  
  14  0:24  SCV  
  15  0:39  SCV  
  16  0:51  SCV  
  17  0:59  Command Center  
  17  1:03  SCV  
  18  1:13  Barracks  
  18  1:16  SCV  
  19  1:21  Refinery  
  19  1:29  SCV  
  19  1:30  Refinery  
  20  1:41  SCV  
  21  1:53  SCV  
  22  2:00  Marine  
  23  2:05  Orbital Command  
  23  2:08  Factory  
  23  2:14  Supply Depot  
  23  2:17  Marine  
  24  2:24  Orbital Command  
  24  2:30  SCV  
  24  2:36  Marine  
  26  2:42  SCV  
  27  2:51  SCV  
  28  2:52  Cyclone  
  28  2:54  SCV  
  28  2:57  Barracks Reactor  
  29  3:03  SCV  
  29  3:06  SCV  
  29  3:15  SCV  
  29  3:18  SCV  
  31  3:22  Starport  
  31  3:24  Cyclone  
  32  3:27  SCV  
  32  3:31  SCV  
  31  3:34  Marine  
  31  3:35  Marine  
  31  3:39  SCV  
  34  3:43  SCV  
  34  3:45  Supply Depot  
  35  3:51  SCV  
  35  3:55  SCV  
  37  3:59  Medivac  
  37  4:02  Cyclone x2  
  43  4:03  SCV  
  43  4:07  SCV  
  45  4:10  Barracks Tech Lab  
  45  4:16  SCV  
  46  4:17  Refinery  
  46  4:19  SCV  
  47  4:24  Command Center  
  47  4:28  SCV  
  46  4:31  SCV  
  46  4:40  SCV, Cyclone x2  
  46  4:43  Supply Depot  
  46  4:45  SCV  
  52  4:46  Raven  
  54  4:55  Supply Depot, Interference Matrix  
  54  5:01  Barracks Tech Lab  
  54  5:04  SCV x2  
  56  5:07  Supply Depot  
  56  5:16  Supply Depot, Cyclone x2  
  56  5:17  SCV x2  
  62  5:22  Raven  
  62  5:28  Stimpack  
  64  5:32  SCV  
  64  5:33  Barracks  
  64  5:35  Marine, Barracks  
  65  5:36  SCV  
  67  5:44  SCV  
  67  5:48  SCV, Engineering Bay x2  
  69  5:53  Marine  
  69  5:56  SCV  
  71  6:02  SCV  
  71  6:04  Orbital Command, Starport Reactor  
  72  6:07  Siege Tank  
  72  6:10  SCV  
  72  6:11  Marine  
  76  6:15  Terran Infantry Weapons Level 1, Terran Infantry Armor Level 1, SCV  
  78  6:21  Barracks Reactor  
  78  6:22  SCV  
  78  6:25  Barracks  
  79  6:26  Barracks  
  79  6:27  SCV  
  79  6:29  Marine  
  81  6:36  SCV x2, Sensor Tower  
  81  6:38  Supply Depot, Marine  
  81  6:39  SCV  
  85  6:41  Supply Depot  
  85  6:48  SCV, Marine x2  
  85  6:49  Siege Tank  
  85  6:51  Supply Depot  
  92  6:55  Marine, Missile Turret  
  92  6:58  SCV  
  92  6:59  Missile Turret  
  92  7:00  SCV  
  94  7:02  Marine x2  
  94  7:05  Marine  
  94  7:06  SCV  
  94  7:07  Refinery  
  94  7:08  Supply Depot, Refinery  
  97  7:10  SCV  
  97  7:14  SCV, Marine  
  95  7:18  SCV  
  95  7:21  Marine x2, Barracks Reactor x2  
  95  7:22  SCV, Marine  
  92  7:23  Marine  
  92  7:24  Combat Shield  
  92  7:27  SCV  
  97  7:30  Siege Tank, SCV  
  97  7:33  Supply Depot, Marine  
  97  7:34  SCV  
  97  7:35  Supply Depot  
  99  7:38  Armory  
  99  7:39  Marine x2  
  99  7:41  SCV  
  102  7:50  Command Center  
  102  7:52  Supply Depot  
  102  7:53  SCV  
  102  7:54  Supply Depot, SCV  
  102  7:58  Marine  
  104  8:03  Medivac x2  
  104  8:04  Marine x3, Missile Turret  
  112  8:08  Marine  
  112  8:09  Marine  
  112  8:11  Marine  
  112  8:12  Marine  
  117  8:16  Supply Depot, Marine  
  118  8:22  Marine x3  
  118  8:25  Siege Tank  
  124  8:28  Marine x2  
  124  8:33  Medivac x2  
  128  8:37  Barracks  
  128  8:38  Barracks  
  128  8:41  Barracks  
  128  8:42  Supply Depot  
  128  8:44  Marine  
  128  8:45  Marine x2  
  128  8:46  Terran Infantry Weapons Level 2  
  131  8:48  Marine x2  
  131  8:49  Marine x2  
  131  8:54  Supply Depot  
  131  8:55  Marine x2  
  137  9:00  Siege Tank  
  137  9:02  Marine  
  132  9:03  Marine x2, Medivac x2  
  132  9:06  Marine  
  132  9:08  SCV  
  132  9:09  SCV  
  128  9:11  Marine  
  128  9:14  Marine  
  128  9:28  Marine  
  128  9:31  Marine x4  
  126  9:32  Siege Tank  
  126  9:33  Medivac  
  126  9:35  Marine  
  126  9:37  SCV x2  
  127  9:39  Marine  
  127  9:40  Orbital Command  
  124  9:46  Marine  
  124  9:48  Terran Infantry Armor Level 2  
  124  9:51  SCV x2  
  126  9:57  Marine x2  
  128  10:03  SCV x2  
  128  10:04  Siege Tank  
  130  10:07  SCV  
  130  10:08  Sensor Tower  
  125  10:15  SCV x2  
  125  10:19  SCV  
  128  10:25  Sensor Tower  
  128  10:26  Marine  
  128  10:27  SCV x2  
  131  10:29  Marine  
  131  10:30  Marine x2  
  131  10:31  SCV  
  131  10:33  Barracks Reactor  
  135  10:36  Barracks Reactor  
  135  10:37  Terran Vehicle Weapons Level 1  
  135  10:39  SCV x2, Marine  
  139  10:43  SCV  
  139  10:44  Marine x3  
  139  10:48  Orbital Command  
  142  10:52  Marine  
  142  10:56  Supply Depot, Marine x3  
  150  10:58  Barracks Reactor  
  146  11:07  Siege Tank  
  146  11:09  Medivac  
  151  11:12  Marine, Command Center  
  151  11:13  Supply Depot, Marine x4  
  151  11:14  Marine x2  
  151  11:15  Marine  
  151  11:16  Marine x2  
  151  11:17  Marine  
  162  11:18  Marine  
  162  11:25  SCV, Missile Turret  
  163  11:26  SCV x2  
  163  11:27  SCV  
  163  11:28  Missile Turret  
  163  11:32  Marine  
  166  11:35  Marine  
  166  11:37  SCV  
  166  11:38  SCV  
  166  11:39  Siege Tank, Marine  
  160  11:43  Marine  
  160  11:45  Marine x6  
  155  11:58  Marine  
  154  12:03  Marine  
  154  12:04  Marine x2  
  154  12:05  Marine  
  154  12:08  Marine  
  157  12:10  Marine  
  157  12:11  Marine  
  157  12:16  Command Center  
  157  12:21  Marine x2  
  157  12:22  Marine x2  
  157  12:24  Siege Tank  
  157  12:27  Medivac  
  150  12:30  Marine  
  150  12:31  Marine x2  
  150  12:32  Marine  
  150  12:34  Marine  
  150  12:35  Marine x6  
  125  12:38  Marine  
  125  12:39  Marine  
  125  12:40  Marine  
  102  12:46  Marine  
  102  12:49  Marine  
  94  12:53  SCV  
  95  13:00  SCV  
  95  13:01  Marine  
  97  13:18  Siege Tank  
  93  13:24  Orbital Command  
  93  13:25  Marine  
  94  13:28  Marine  
  95  13:50  Siege Tank  
  98  13:56  Marine  
  98  14:00  Marine  
  100  14:04  Marine  
  97  14:15  Marine  
  96  14:17  Marine  
  97  14:28  Marine  
  97  14:29  Marine x2  
  97  14:34  SCV  
  93  14:41  Marine  
  93  14:44  Marine  
  93  14:45  Marine  
  93  14:46  SCV  
  93  14:51  Marine x2  
  91  14:59  Marine  
  91  15:13  Marine  
  91  15:14  Marine x4  
  92  15:16  Marine  
  97  15:28  Liberator  
  96  15:39  Orbital Command  
  80  15:43  Siege Tank, Marine  
  79  16:08  Marine  
  79  16:13  SCV  
Show
View Real Time Build Order
Export as new Build Order

Spirit Terran - Winner!

Build Orders:  

Get SALT Encoding   

  12  0:00  SCV  
  13  0:12  SCV  
  14  0:17  Supply Depot  
  14  0:24  SCV  
  15  0:38  SCV  
  15  0:40  Barracks  
  16  0:45  Refinery  
  16  0:50  SCV  
  17  0:59  Barracks  
  17  1:04  SCV  
  18  1:15  Refinery  
  18  1:16  SCV  
  19  1:28  Reaper  
  19  1:30  Orbital Command  
  20  1:44  Supply Depot  
  20  1:48  Reaper  
  21  1:57  SCV  
  21  2:00  Reaper  
  23  2:09  SCV  
  23  2:13  Factory  
  24  2:21  SCV  
  26  2:22  Reaper  
  26  2:26  Supply Depot  
  26  2:32  Reaper  
  26  2:33  SCV  
  28  2:45  SCV  
  29  2:54  Reaper  
  29  2:57  SCV  
  31  3:04  Reaper  
  32  3:09  SCV  
  33  3:21  SCV  
  33  3:27  Reaper, Command Center  
  34  3:33  SCV  
  34  3:37  Starport  
  34  3:38  Factory Reactor  
  35  3:45  SCV  
  36  3:59  Command Center  
  36  4:02  SCV  
  36  4:11  Supply Depot  
  37  4:17  Cyclone  
  38  4:27  SCV  
  38  4:32  Medivac  
  38  4:33  Cyclone  
  37  4:39  Orbital Command, SCV  
  37  4:45  Refinery  
  38  4:49  Cyclone  
  38  4:52  SCV  
  41  5:03  Starport Tech Lab  
  41  5:04  SCV  
  41  5:05  Cyclone  
  44  5:08  SCV  
  44  5:10  Orbital Command  
  45  5:16  SCV  
  46  5:21  Cyclone  
  46  5:23  Raven  
  46  5:28  Interference Matrix  
  50  5:29  SCV x2  
  50  5:36  SCV  
  50  5:37  Barracks Tech Lab, Cyclone, Barracks Reactor  
  50  5:41  SCV x2  
  55  5:49  SCV  
  56  5:53  Cyclone  
  56  5:56  Barracks  
  59  5:57  Marine, Stimpack  
  59  6:00  SCV  
  59  6:01  SCV  
  61  6:09  Cyclone  
  63  6:12  SCV, Engineering Bay  
  63  6:13  SCV, Engineering Bay  
  64  6:24  SCV  
  65  6:25  SCV  
  65  6:26  Orbital Command  
  65  6:27  Supply Depot x2, Marine x3  
  65  6:29  Refinery  
  69  6:36  SCV  
  69  6:38  SCV  
  71  6:40  Terran Infantry Weapons Level 1, Terran Infantry Armor Level 1  
  71  6:45  Marine x2, Barracks Reactor  
  71  6:46  Marauder  
  75  6:48  SCV  
  75  6:50  SCV  
  75  6:53  SCV  
  78  6:57  Medivac  
  78  6:58  Medivac  
  82  7:03  SCV, Marine x2  
  82  7:07  Marine  
  82  7:08  SCV  
  87  7:11  Supply Depot, SCV  
  87  7:12  Supply Depot  
  87  7:13  Supply Depot  
  87  7:15  SCV  
  85  7:20  SCV  
  85  7:21  Marine x2  
  85  7:22  Marine  
  85  7:23  SCV  
  85  7:24  Marine  
  85  7:27  SCV  
  85  7:29  Marine  
  64  7:30  Medivac x2  
  89  7:32  SCV  
  89  7:35  SCV  
  89  7:36  Combat Shield  
  95  7:39  SCV, Marine x3  
  95  7:42  Marine  
  95  7:43  Siege Tank  
  103  7:46  SCV  
  103  7:47  SCV, Marine  
  103  7:50  Supply Depot, Sensor Tower  
  106  7:51  Supply Depot, SCV  
  106  7:56  Marine x2  
  105  7:58  Marine  
  105  7:59  SCV x2  
  105  8:00  Marine, Medivac  
  105  8:04  SCV  
  110  8:07  Barracks  
  110  8:09  Barracks  
  110  8:10  Marine  
  110  8:11  SCV  
  110  8:12  SCV  
  107  8:14  Marine, Refinery x2  
  107  8:15  Siege Tank  
  107  8:18  Marine  
  112  8:21  Marine  
  113  8:28  Marine  
  113  8:29  Marine  
  113  8:30  Supply Depot, Armory  
  113  8:32  Supply Depot, Marine  
  116  8:36  Marine, Liberator  
  116  8:39  Marine  
  121  8:46  Marine  
  121  8:47  Siege Tank, Marine  
  126  8:50  Marine  
  126  8:54  Marine  
  126  8:55  Command Center  
  126  8:57  Marine  
  126  9:02  Marine x2  
  127  9:04  Marine  
  127  9:05  Marine  
  127  9:08  Marine  
  128  9:11  Marine  
  128  9:15  Marine  
  130  9:19  Siege Tank, Marine  
  130  9:20  Marine  
  130  9:21  Marine  
  130  9:22  Marine  
  136  9:25  Marine  
  136  9:29  Marine  
  122  9:33  Marine  
  122  9:37  Marine x2  
  117  9:38  Orbital Command  
  117  9:39  Marine  
  117  9:40  Marine  
  117  9:43  Marine  
  115  9:47  Marine  
  115  9:51  Siege Tank, Marine  
  123  10:03  Terran Infantry Weapons Level 2  
  117  10:08  Terran Infantry Armor Level 2  
  117  10:16  Medivac x2  
  121  10:23  Marine  
  121  10:26  SCV  
  121  10:28  SCV  
  124  10:32  Sensor Tower  
  124  10:34  Barracks Reactor  
  124  10:38  SCV  
  124  10:39  Orbital Command  
  124  10:40  Planetary Fortress, SCV  
  126  10:50  SCV, Marine  
  126  10:52  SCV, Marine  
  126  10:54  Marine  
  126  10:55  Siege Tank  
  134  10:58  Marine  
  134  10:59  Marine  
  134  11:02  SCV  
  136  11:04  SCV  
  136  11:06  Liberator  
  136  11:08  SCV  
  141  11:14  SCV, Refinery  
  141  11:16  SCV, Marine x4  
  141  11:17  Supply Depot, SCV  
  141  11:18  Supply Depot  
  148  11:31  SCV  
  148  11:34  Marine  
  148  11:35  Marine x3  
  148  11:36  Marine x4  
  148  11:37  Siege Tank  
  134  11:51  Marine  
  134  11:52  Marine  
  134  11:53  Marine x2  
  134  11:54  Marine x4  
  118  12:09  Marine  
  118  12:10  Siege Tank, Marine  
  118  12:11  Marine x6  
  113  12:18  Liberator  
  116  12:27  Marine  
  116  12:28  Marine  
  118  12:31  Marine  
  118  12:32  Marine  
  118  12:33  Marine x2  
  105  12:37  Marine  
  105  12:42  Siege Tank  
  77  12:46  Marine  
  77  12:50  Marine  
  78  12:51  Marine  
  80  13:03  Marine x3  
  83  13:05  Orbital Command  
  83  13:09  Marine  
  83  13:12  Marine  
  76  13:13  Marine  
  76  13:14  Siege Tank, Marine  
  68  13:20  Medivac x2  
  68  13:23  Marine  
  68  13:24  Marine  
  74  13:29  Marine  
  76  13:37  SCV x2  
  79  13:47  Terran Infantry Weapons Level 3  
  77  13:54  Terran Infantry Armor Level 3  
  77  13:57  SCV  
  77  13:58  Marine  
  77  14:02  SCV  
  80  14:05  Siege Tank  
  80  14:06  Marine  
  84  14:10  Marine  
  84  14:11  SCV  
  84  14:13  Marine x2  
  88  14:18  Marine x2  
  88  14:22  Marine  
  91  14:24  Marine  
  91  14:31  Marine x2  
  89  14:35  Marine  
  90  14:42  Marine  
  84  14:49  Marine x2  
  84  14:53  Marine  
  84  14:57  Liberator x2  
  84  14:58  Marine  
  88  15:00  Marine  
  88  15:07  Marine x2  
  87  15:11  Marine  
  87  15:15  Marine  
  87  15:18  Marine  
  87  15:24  Marine  
  84  15:31  Marine  
  80  15:37  Marine  
  77  15:48  Marine  
  77  16:02  Marine  
  78  16:11  Marine  
  79  16:20  Marine  
  80  16:30  Marine  
Tags
 
Add a new tag
Caveats
  • Supply blocks, unpowered buildings, or Contaminate may cause inaccurate times.
  • Supply counts are checked every 10 seconds.